Map: Void Training Stage 3

Players

Michael - Winner!

  • Race: Zerg Zerg
  • League: Gold
  • Spawn Location: 12:00

Player 2

  • Race: Terran Terran
  • Spawn Location: 6:00

VOD

Have the link to the VOD?

Description

Time

  • Played on: Sept. 14, 2018, 8:59 p.m.
  • Length: 9:50
Show
View Real Time Build Order
Export as new Build Order

Michael Zerg - Winner!

Build Orders: Hatch First 

Get SALT Encoding   

  12  0:01  Drone  
  13  0:13  Overlord  
  13  0:18  Drone  
  14  0:31  Drone x2  
  14  0:35  Drone  
  17  0:45  Drone  
  18  0:58  Hatchery  
  18  1:01  Drone  
  18  1:08  Extractor  
  17  1:16  Spawning Pool  
  16  1:20  Drone  
  16  1:23  Drone  
  18  1:28  Drone  
  19  1:39  Drone  
  20  1:49  Overlord  
  20  1:56  Extractor  
  20  2:00  Drone  
  20  2:09  Metabolic Boost  
  20  2:10  Queen  
  20  2:11  Queen  
  20  2:14  Zergling x2  
  25  2:18  Zergling x2  
  25  2:22  Zergling x2  
  27  2:27  Drone  
  28  2:32  Drone  
  28  2:34  Drone  
  30  2:43  Drone  
  30  2:52  Queen  
  30  2:56  Queen  
  34  3:02  Overlord  
  33  3:06  Drone  
  33  3:09  Drone  
  33  3:12  Drone  
  34  3:15  Drone  
  35  3:25  Overlord  
  35  3:32  Drone x3  
  35  3:33  Drone  
  39  3:36  Drone  
  40  3:52  Lair  
  40  3:58  Roach Warren  
  40  4:02  Evolution Chamber  
  38  4:21  Drone x10  
  38  4:22  Drone x2  
  50  4:26  Extractor x2  
  48  4:33  Overlord x2  
  48  4:47  Drone, Hatchery  
  48  5:01  Glial Reconstitution  
  48  5:03  Zerg Ground Armor Level 1  
  48  5:08  Spire  
  48  5:10  Spore Crawler  
  46  5:39  Infestation Pit  
  46  5:41  Drone x13  
  58  5:43  Overlord  
  58  5:46  Overlord  
  58  6:03  Drone  
  58  6:04  Drone x6  
  65  6:07  Queen  
  67  6:23  Extractor  
  67  6:25  Extractor, Drone  
  66  6:26  Drone  
  66  6:27  Mutalisk  
  66  6:28  Mutalisk x4  
  66  6:29  Mutalisk  
  79  6:39  Hive  
  79  6:41  Overlord x2  
  79  6:42  Overlord  
  79  6:45  Overlord  
  79  6:49  Zerg Flyer Armor Level 1  
  79  7:00  Mutalisk x2  
  79  7:01  Mutalisk x2  
  83  7:06  Zergling x2  
  83  7:07  Zergling x10  
  89  7:09  Mutalisk  
  89  7:11  Mutalisk  
  89  7:23  Mutalisk x2  
  87  7:30  Queen x2  
  90  7:40  Mutalisk x2  
  90  7:43  Zergling x14  
  90  7:44  Zergling x10  
  106  7:59  Mutalisk x2  
  110  8:10  Mutalisk  
  110  8:11  Overlord x4  
  110  8:12  Overlord x3  
  112  8:36  Mutalisk x3  
  112  8:38  Zergling x12  
  122  8:55  Hatchery  
  122  8:56  Hatchery  
  122  8:58  Hatchery  
  119  9:06  Drone x3  
  119  9:08  Drone x3  
  117  9:31  Zergling x22  
Show
View Real Time Build Order
Export as new Build Order

Player 2 Terran 

Build Orders:  

Get SALT Encoding   

  12  0:00  SCV  
  13  0:13  SCV  
  14  0:20  Supply Depot  
  14  0:25  SCV  
  15  0:41  SCV  
  16  0:44  Barracks  
  16  0:49  Refinery  
  16  0:53  SCV  
  17  1:05  SCV  
  18  1:17  Supply Depot  
  18  1:31  Marine  
  19  1:34  Barracks, Orbital Command  
  19  1:42  Refinery  
  19  1:50  Barracks Tech Lab  
  19  2:08  Marine  
  20  2:14  Supply Depot  
  20  2:26  Marauder  
  22  2:32  Marine  
  23  2:47  Supply Depot, Marine  
  24  2:57  SCV, Marine  
  26  3:09  SCV, Marine  
  26  3:11  Engineering Bay  
  28  3:21  SCV, Marine  
  30  3:33  SCV  
  30  3:34  Marauder  
  33  3:45  SCV, Marine  
  33  3:48  Supply Depot  
  35  3:58  SCV, Marauder  
  38  4:10  Marine  
  39  4:22  Marauder  
  41  6:31  Barracks Tech Lab  
  41  6:33  Factory  
  41  6:36  Factory  
  41  6:37  Missile Turret  
  41  6:38  Command Center, Supply Depot  
  41  6:40  Missile Turret  
  41  6:43  Sensor Tower  
  41  6:47  Barracks  
  41  7:00  Bunker  
  41  7:18  Widow Mine, Armory  
  41  7:22  Starport, Factory Tech Lab  
  36  7:28  Marine  
  34  7:34  Barracks Reactor  
  26  7:39  Marine  
  26  7:40  Factory Tech Lab  
  27  7:50  Marine  
  28  7:51  SCV  
  28  7:54  SCV  
  30  7:59  Starport Tech Lab, Refinery  
  30  8:00  Marine  
  30  8:02  Missile Turret  
  30  8:03  SCV  
  30  8:04  Missile Turret  
  32  8:06  SCV  
  32  8:08  Hellion  
  32  8:09  Missile Turret  
  34  8:15  SCV, Hellion  
  34  8:16  Refinery  
  34  8:18  Raven, SCV  
  37  8:27  SCV  
  37  8:30  Hellion  
  33  8:37  Hellion  
  33  8:39  SCV  
  36  8:42  Marine  
  31  8:52  SCV  
  31  8:54  Marauder  
  34  8:56  Command Center  
  34  9:01  Raven  
  35  9:04  Siege Tank, SCV  
  39  9:12  Command Center  
  39  9:16  Widow Mine  
Tags
 
Add a new tag
Caveats
  • Supply blocks, unpowered buildings, or Contaminate may cause inaccurate times.
  • Supply counts are checked every 10 seconds.